 Dungeon Crawl Stone Soup version 0.25-a0-890-g62861fb (webtiles) character file.

Game seed: 14698969985106112355, levelgen mode: deterministic

30 Kurtz the Cudgeler (level 3, -2/29 HPs)
             Began as a Mummy Chaos Knight on May 7, 2020.
             Was a Plaything of Xom.
             Slain by a soul eater (4 damage)
             ... summoned by Xom
             ... on level 1 of the Dungeon.
             The game lasted 00:00:41 (689 turns).

Kurtz the Cudgeler (Mummy Chaos Knight)              Turns: 689, Time: 00:00:42

Health: -2/29      AC:  5    Str: 15      XL:     3   Next: 5%
Magic:  3/3        EV: 11    Int: 11      God:    Xom [*.....]
Gold:   15         SH:  0    Dex: 10 (12) Spells: 2/2 levels left

rFire    x . .     SeeInvis .   a - +0 mace (chaos)
rCold    + . .     Gourm    .   (no shield)
rNeg     + + +     Faith    .   b - +2 leather armour
rPois    ∞         Spirit   .   (no helmet)
rElec    .         Reflect  .   (no cloak)
rCorr    .         Harm     .   (no gloves)
MR       .....                  (no boots)
Stlth    +.........             (no amulet)
HPRegen  0.09/turn              (no ring)
MPRegen  0.08/turn              (no ring)

@: no status effects
A: no food or potions, fire vulnerability, cold resistance 1, negative energy
resistance 3, torment resistance, unbreathing
a: Renounce Religion


You were on level 1 of the Dungeon.
You worshipped Xom.
You were a special plaything of Xom.
You were not hungry.

You visited 1 branch of the dungeon, and saw 1 of its levels.

You collected 15 gold pieces.

Inventory:

Hand Weapons
 a - a +0 mace of chaos (weapon)
Missiles
 d - 13 poisoned darts (quivered)
Armour
 b - a +2 leather armour (worn)


   Skills:
 - Level 3.0 Fighting
 * Level 3.5 Maces & Flails
 - Level 1.5 Armour
 - Level 0.7 Dodging


You had 2 spell levels left.
You didn't know any spells.
Your spell library was empty.

Dungeon Overview and Level Annotations

Branches:
Dungeon (1/15)

Altars:


Innate Abilities, Weirdness & Mutations

You do not eat or drink.
Your flesh is vulnerable to fire.
You are immune to poison.
Your flesh is cold resistant. (rC+)
You are immune to negative energy. (rN+++)
You are immune to unholy pain and torment.
You can survive without breathing.


Message History

The quasit bites you. The quasit barely misses you.
The quasit claws you but does no damage.
Unknown command.
You miss the quasit. The quasit bites you.
You feel clumsy.
The quasit claws you but does no damage. x2
The soul eater hits you! The quasit closely misses you.
The quasit claws you but does no damage.
The quasit closely misses you.
You hit the quasit but do no damage. The quasit closely misses you.
The quasit claws you but does no damage. x2
The soul eater hits you!
* * * LOW HITPOINT WARNING * * *
You hit the quasit.
The quasit is moderately wounded.
The quasit barely misses you. The quasit claws you.
* * * LOW HITPOINT WARNING * * *
You feel clumsy. The quasit barely misses you. The soul eater hits you.
You die...

####
..#
#3#
#@#
#5#
#.#
#.#
#.#
#.#
#.#
#.#
#†#


You could see a soul eater and a quasit.

Vanquished Creatures
  An ooze (D:1)
  2 dart slugs (D:1)
  A bat (D:1)
  A giant cockroach (D:1)
  4 goblins (D:1)
  3 hobgoblins (D:1)
  2 jackals (D:1)
  2 kobolds (D:1)
  2 frilled lizards (D:1)
  A rat (D:1)
19 creatures vanquished.

Notes
Turn   | Place    | Note
-------+----------+-------------------------------------------
     0 | D:1      | Kurtz the Mummy Chaos Knight began the quest for the Orb.
     0 | D:1      | Reached XP level 1. HP: 18/18 MP: 1/1
     8 | D:1      | XOM: divination: detect items
   124 | D:1      | XOM: chaos upgrade
   187 | D:1      | XOM: 1-stop teleportation journey
   376 | D:1      | XOM: 1-stop teleportation journey
   425 | D:1      | Reached XP level 2. HP: 21/24 MP: 2/2
   659 | D:1      | Reached XP level 3. HP: 24/29 MP: 3/3
   685 | D:1      | XOM: summons 2 hostile demons
   686 | D:1      | Noticed a soul eater
   689 | D:1      | Slain by a soul eater

Levels and vault maps discovered:
D:1:      dpeg_arrival_circle_labyrinth_c, layout_basic

Skill      XL: |  1 |
---------------+----+-----
Maces & Flails | 3 |  3.5
Fighting       | |  3.0
Armour         | |  1.5
Dodging        | |  0.7

Action                   || total
-------------------------++-------
Melee: Mace              ||    65
  Use: Scroll            ||     1
Armor: Leather armour    ||    41
Dodge: Dodged            ||    51

Table legend:
 A = Non-vault XP
 B = Vault XP
 C = Vault XP percentage of total XP
 D = Non-vault monster count
 E = Vault monster count
 F = Vault count percentage of total count
                 A         B        C        D         E       F
            +---------+---------+-------+---------+---------+-------
      Total |      44 |       0 |   0.0 |      19 |       0 |   0.0
            +---------+---------+-------+---------+---------+-------
        D:1 |      44 |       0 |   0.0 |      19 |       0 |   0.0
            +---------+---------+-------+---------+---------+-------
